 Dungeon Crawl Stone Soup version 0.28-a0-1415-g7c84da036a (webtiles) character file.

Game seed: 7777739042017250403

79 p0werm0de the Chopper (level 4, -7/43 HPs)
             Began as a Palentonga Chaos Knight on Jan 8, 2022.
             Was a Plaything of Xom.
             Mangled by Natasha the faun (glowing shapeshifter) (13 damage)
             ... on level 2 of the Dungeon.
             The game lasted 00:01:13 (1349 turns).

p0werm0de the Chopper (Palentonga Chaos Knight)     Turns: 1349, Time: 00:01:14

Health: -7/43      AC:  7    Str: 18    XL:     4   Next: 16%
Magic:  4/4        EV: 13    Int: 12    God:    Xom [*.....]
Gold:   16         SH:  0    Dex:  9    Spells: 3/3 levels left

rFire   . . .      SeeInvis +   a - +0 hand axe (chaos)
rCold   . . .      Faith    .   e - orb {*Rage}
rNeg    . . .      Spirit   .   b - +3 leather armour
rPois   .          Reflect  .   (no helmet)
rElec   .          Harm     .   (no cloak)
rCorr   .          Rampage  .   (no gloves)
Will    .....      Clarity  +   (no barding)
Stlth   +.........              (no amulet)
HPRegen 0.14/turn               l - +4 ring of evasion
MPRegen 0.09/turn               (no ring)

@: no status effects
A: large, rugged brown scales 3, see invisible, deformed body, roll 1, armoured
tail, clarity, mutation resistance 1, robust 1, MP-powered wands
a: Rolling Charge, Renounce Religion


You were on level 2 of the Dungeon.
You worshipped Xom.
You were a special plaything of Xom.
You visited 1 branch of the dungeon, and saw 2 of its levels.

You collected 16 gold pieces.

Inventory:

Hand Weapons
 a - a +0 hand axe of chaos (weapon)
 c - a +0 whip of venom
   (You found it on level 1 of the Dungeon)
 i - a +0 short sword of draining
   (You took it off a kobold on level 2 of the Dungeon)
Missiles
 f - 15 poisoned darts (quivered)
 g - 2 curare-tipped darts
Armour
 b - a +3 leather armour (worn)
 e - an orb of wrath (worn)
   (You found it on level 1 of the Dungeon)
Jewellery
 l - a +4 ring of evasion (left hand)
   (You found it on level 2 of the Dungeon)
Potions
 d - a potion of ambrosia {unknown}
 h - 2 potions of degeneration {unknown}
 j - a potion of flight {unknown}
 k - a potion of might {unknown}


   Skills:
 * Level 3.7 Fighting
 * Level 3.8 Axes
 * Level 2.4 Armour
 - Level 0.7 Dodging


You had 3 spell levels left.
You didn't know any spells.
Your spell library contained the following spells:

 Spells                   Type           Power      Damage    Failure   Level
 Corpse Rot               Necr/Air       0%         N/A       52%         2
 Dispel Undead            Necr           0%         3d6       98%         4
 Death Channel            Necr           0%         N/A       100%        6


Dungeon Overview and Level Annotations

Branches:
Dungeon (2/15)

Altars:

Annotations:
D:2 Natasha


Innate Abilities, Weirdness & Mutations

You are completely covered in rugged brown scales. (AC +3, +7% HP)
You have supernaturally acute eyesight. (SInv)
Armour fits poorly on your strangely shaped body.
You can roll at nearby foes to attack.
You have a long armoured tail.
You possess an exceptional clarity of mind.
You are somewhat resistant to further mutation.
You are robust. (+10% HP)
You expend magic power (3 MP) to strengthen your wands.


Message History

You aren't carrying any scrolls.
Okay, then.
You aren't carrying any items that you can evoke.
You closely miss Natasha.
Your tail-slap misses Natasha.
Natasha is lightly wounded.
Natasha the shock serpent changes into a moth of wrath!
You closely miss Natasha.
Xom's power touches on your mind for a moment.
Natasha looks rather confused.
Natasha the moth of wrath changes into a glowing orange brain!
You slash Natasha! You burn Natasha. You tail-slap Natasha.
Natasha is moderately wounded.
Natasha pulsates ominously.
Natasha pulsates.
Natasha radiates an aura of fear!
You are unaffected.
You slash Natasha!
Natasha seems to grow stronger.
Natasha is moderately wounded.
You hit Natasha.
Natasha is heavily wounded.
You slash Natasha! Lightning courses through Natasha!!
Natasha is almost dead.
Natasha the glowing orange brain changes into a faun!
You barely miss Natasha. You tail-slap Natasha!
Natasha is moderately wounded.
Natasha hits you.
* * * LOW HITPOINT WARNING * * *
You closely miss Natasha.
Natasha is moderately wounded.
Your cleaving frenzy subsides.
Natasha hits you.
* * * LOW HITPOINT WARNING * * *
You hit Natasha. Lightning courses through Natasha!
Natasha is severely wounded.
Natasha misses you.
You closely miss Natasha.
You tail-slap Natasha, but do no damage.
Natasha is severely wounded.
Natasha hits you!
You die...
Xom guffaws!

# . .# .# .########.##
...........#
...!.......####
#c@†$.....
#.########...
#.#<.........
#.#.#######...
##....### .
##.##.#....#...# .#
.............#.# #.# #
#.#..#....#.#.###..#.#
.....#..###..........


You could see Natasha the faun shaped shifter.

Vanquished Creatures
  A river rat (D:2)
  2 worms (D:2)
  2 ball pythons (D:1)
  3 endoplasms
  6 giant cockroaches
  19 goblins
  6 hobgoblins
  2 quokkas
  4 bats
  A frilled lizard (D:2)
  A kobold (D:2)
  6 rats
53 creatures vanquished.

Notes
Turn   | Place    | Note
-------+----------+-------------------------------------------
     0 | D:1      | p0werm0de the Palentonga Chaos Knight began the quest for
                  | the Orb.
     0 | D:1      | Reached XP level 1. HP: 19/19 MP: 1/1
    13 | D:1      | XOM: divination: detect creatures
   109 | D:1      | XOM: potion effect (curing)
   110 | D:1      | Reached XP level 2. HP: 25/25 MP: 2/2
   134 | D:1      | XOM: scenery: 1 doors open
   164 | D:1      | XOM: 3-stop teleportation journey
   216 | D:1      | Found a faded altar of an unknown god.
   586 | D:1      | Reached XP level 3. HP: 31/31 MP: 3/3
   638 | D:1      | XOM: give mutations
   638 | D:1      | Gained mutation: You expend magic power (3 MP) to
                  | strengthen your wands. [Xom's grace]
   638 | D:1      | Gained mutation: You are robust. (+10% HP) [Xom's grace]
   638 | D:1      | Gained mutation: You possess an exceptional clarity of
                  | mind. [Xom's grace]
   638 | D:1      | Gained mutation: You are somewhat resistant to further
                  | mutation. [Xom's grace]
   945 | D:2      | XOM: god gift: book of Decay
  1175 | D:2      | Noticed Robin
  1176 | D:2      | Noticed Robin
  1176 | D:2      | Robin changed into Robin the river rat
  1176 | D:2      | XOM: polymorph Robin -> Robin the river rat
  1184 | D:2      | Killed Robin the river rat
  1196 | D:2      | Reached XP level 4. HP: 33/43 MP: 4/4
  1329 | D:2      | Noticed Natasha
  1336 | D:2      | XOM: cleaving
  1338 | D:2      | Noticed Natasha
  1338 | D:2      | Natasha changed into Natasha the glowing shapeshifter
  1338 | D:2      | XOM: polymorph Natasha -> Natasha the glowing shapeshifter
  1338 | D:2      | Noticed Natasha
  1338 | D:2      | Natasha the glowing shapeshifter changed into Natasha the
                  | shock serpent
  1340 | D:2      | Noticed Natasha
  1340 | D:2      | Natasha the shock serpent changed into Natasha the moth of
                  | wrath
  1341 | D:2      | XOM: confuse monster(s)
  1341 | D:2      | Noticed Natasha
  1341 | D:2      | Natasha the moth of wrath changed into Natasha the glowing
                  | orange brain
  1345 | D:2      | Noticed Natasha
  1345 | D:2      | Natasha the glowing orange brain changed into Natasha the
                  | faun
  1349 | D:2      | Mangled by Natasha the faun (glowing shapeshifter)

Illustrated notes

Levels and vault maps discovered:
D:1:      lemuel_arrival_hallway, layout_basic,
          hellmonk_ecumenical_altar_leap_of_faith
D:2:      layout_loops_ring, uniq_robin, uniq_natasha

Skill      XL: |  1  2 |
---------------+-------+-----
Armour         | 2 |  2.4
Fighting       | |  3.7
Axes           | |  3.8
Dodging        | |  0.7

Action                   |  1- 3 |  4- 6 || total
-------------------------+-------+-------++-------
Melee: Hand axe          |    77 |    35 ||   112
       Whip              |     5 |       ||     5
       Tailslap          |     5 |     6 ||    11
  Use: Scroll            |     1 |       ||     1
Armor: Leather armour    |    33 |     7 ||    40
Dodge: Dodged            |    21 |     9 ||    30

Table legend: (Time is in decaauts)
 A = Elapsed time spent in this place.
 B = Non-inter-level travel time spent in this place.
 C = Inter-level travel time spent in this place.
 D = Time resting spent in this place.
 E = Time spent auto-exploring this place.
 F = Levels seen in this place.
 G = Mean time per level.
                   A        B        C        D        E       F      G
               +--------+--------+--------+--------+--------+-----+--------+
         Total |   1382 |   1271 |    111 |    136 |    854 |   2 |  691.0 |
       Dungeon |   1382 |   1271 |    111 |    136 |    854 |   2 |  691.0 |
               +--------+--------+--------+--------+--------+-----+--------+

Top non-repeatable levels by time:
     D:1: 822 daAuts
     D:2: 560 daAuts
